 Dungeon Crawl Stone Soup version 0.29.1-2-gbd0b4ee654 (webtiles) character file.

Game seed: 12273383572537910667

14 zeram the Sneak (level 2, -1/17 HPs)
             Began as an Octopode Enchanter on Nov 11, 2022.
             Slain by a jackal (2 damage)
             ... on level 1 of the Dungeon.
             The game lasted 00:00:23 (168 turns).

zeram the Sneak (Octopode Enchanter)                 Turns: 168, Time: 00:00:23

Health: -1/17      AC:  1    Str:  7    XL:     2   Next: 45%
Magic:  5/5        EV: 13    Int: 17    God:
Gold:   23         SH:  0    Dex: 12    Spells: 5/5 levels left

rFire   . . .      SeeInvis .   a - +1 dagger
rCold   . . .      Faith    .   (no shield)
rNeg    . . .      Spirit   .   (helmet restricted)
rPois   .          Reflect  .   (no amulet)
rElec   .          Harm     .   (no ring)
rCorr   .          Rampage  .   (no ring)
Will    .....                   (no ring)
Stlth   ++++......              (no ring)
HPRegen 0.05/turn               (no ring)
MPRegen 0.09/turn               (no ring)
                                (no ring)
                                (no ring)

@: no status effects
A: almost no armour, amphibious, 8 rings, camouflage 1, gelatinous body 1,
(nimble swimmer 1), tentacles
a: no special abilities


You were on level 1 of the Dungeon.
You visited 1 branch of the dungeon, and saw 1 of its levels.

You collected 23 gold pieces.

Inventory:

Hand Weapons
 a - a +1 dagger (weapon)
Potions
 b - 2 potions of invisibility
 c - a potion of haste {unknown}
 d - a potion of cancellation {unknown}


   Skills:
 + Level 1.1 Short Blades
 + Level 2.0 Dodging
 + Level 4.3 Stealth
 + Level 2.0 Spellcasting
 + Level 3.5 Hexes


You had 5 spell levels left.
You didn't know any spells.
Your spell library contained the following spells:

 Spells                   Type           Power      Damage    Failure   Level
 Ensorcelled Hibernation  Hex/Ice        14%        N/A       14%         2
 Confusing Touch          Hex            13%        N/A       14%         3
 Tukima's Dance           Hex            13%        N/A       14%         3
 Passwall                 Tmut/Erth      0%         N/A       28%         2
 Dazzling Flash           Conj/Hex       14%        N/A       28%         3
 Swiftness                Air            1%         N/A       50%         3


Dungeon Overview and Level Annotations

Branches:
Dungeon (1/15)

Altars:


Innate Abilities, Weirdness & Mutations

You cannot wear most types of armour.
You are amphibious.
You can wear up to eight rings at the same time.
Your skin changes colour to match your surroundings (Stealth+).
Your rubbery body absorbs attacks. (AC +1, EV +1)
((You are camouflaged when in or above water. (Stealth+)))
You have tentacles for arms and can constrict up to eight enemies at once.


Message History

A quokka comes into view.
The jackal misses you. The jackal barely misses you.
The kobold shouts!
You hit the giant cockroach. You grab the giant cockroach.
The giant cockroach is moderately wounded.
You constrict the jackal.
You constrict the giant cockroach, but do no damage.
The jackal stops to sniff the ground.
The jackal bites you but does no damage.
A giant cockroach comes into view.
The jackal closely misses you. The giant cockroach barely misses you.
The jackal bites you. x2
You hit the giant cockroach. You squeeze the giant cockroach.
You kill the giant cockroach!
You constrict the jackal. The jackal bites you. x3
Unknown command.
You are too injured to fight recklessly!
You are too injured to fight recklessly!
Unknown command.
You are too injured to fight recklessly!
Unknown command.
You release your grip on the jackal.
The goblin attacks as you move away! The goblin barely misses you.
The jackal attacks as you move away! The jackal closely misses you.
The jackal attacks as you move away! The jackal closely misses you.
The jackal bites you. The jackal closely misses you.
The jackal barely misses you. The goblin attacks as you move away!
The goblin closely misses you. The jackal attacks as you move away!
The jackal barely misses you. The jackal bites you.
* * * LOW HITPOINT WARNING * * *
The jackal attacks as you move away! The jackal bites you.
* * * LOW HITPOINT WARNING * * *
The jackal attacks as you move away! The jackal bites you.
* * * LOW HITPOINT WARNING * * *
The jackal misses you. The jackal bites you.
* * * LOW HITPOINT WARNING * * *
A ball python comes into view.
The quokka twitches its whiskers.
The jackal bites you.
You die...

#...### #.#
#..########.#
####.#..........
#....#.#######.# #
######.##.#.# #.#
.. #....#.##.#.#
...####....#.##.###
.⌠........ggh##.#
........K.lhh@..#
....⌠.†r.g#######
......S...#
.⌠....#+#+# .....!
....⌠ ..... .⌠..
....


You could see a quokka, 3 jackals, a hobgoblin, 2 goblins, a ball python
(wandering), a kobold and a frilled lizard.

Vanquished Creatures
  A dart slug (D:1)
  A ball python (D:1)
  2 giant cockroaches (D:1)
  4 goblins (D:1)
  A jackal (D:1)
  A frilled lizard (D:1)
10 creatures vanquished.

Notes
Turn   | Place    | Note
-------+----------+-------------------------------------------
     0 | D:1      | zeram the Octopode Enchanter began the quest for the Orb.
     0 | D:1      | Reached XP level 1. HP: 11/11 MP: 3/3
    42 | D:1      | Reached XP level 2. HP: 17/17 MP: 5/5
   168 | D:1      | Slain by a jackal

Illustrated notes

Levels and vault maps discovered:
D:1:      saegor_arrival_miasma, layout_basic, nicolae_shop_unique_rings,
          dk_noncrumbling_3, kennysheep_doodads

Action                   || total
-------------------------++-------
Melee: Dagger            ||    17
       Tentacles         ||     7
       Constrict         ||     6
 Stab: Sleeping          ||     3
Armor: Skin              ||     2
Dodge: Dodged            ||    21
